 Dungeon Crawl Stone Soup version 0.20.1-1-g8b1a95d (webtiles) character file.

23 polve the Changer (level 2, -2/23 HPs)
             Began as a Draconian Transmuter on Aug 5, 2017.
             Slain by an adder (5 damage)
             ... on level 2 of the Dungeon.
             The game lasted 00:02:05 (1362 turns).

polve the Changer (Draconian Transmuter)            Turns: 1362, Time: 00:02:06

Health: -2/23      AC:  4    Str: 12    XL:     2   Next: 72%
Magic:  5/5        EV: 12    Int: 13    God:
Gold:   98         SH:  0    Dex: 11    Spells: 4/5 levels left

rFire    . . .     SeeInvis .     - Unarmed
rCold    . . .     Gourm    .   (no shield)
rNeg     . . .     Faith    .   (armour unavailable)
rPois    .         Spirit   .   (helmet restricted)
rElec    .         Reflect  .   (no cloak)
rCorr    .         Harm     .   (no gloves)
MR       .....                  (no boots)
Stlth    +.........             (no amulet)
Regen    0.1/turn               (no ring)
MPRegen  0.1/turn               (no ring)

@: lethally poisoned (-2 -> -5)
A: unfitting armour, cold-blooded, AC +4
a: no special abilities


You were on level 2 of the Dungeon.
You were hungry.

You visited 1 branch of the dungeon, and saw 2 of its levels.

You collected 98 gold pieces.

Inventory:

Missiles
 a - 12 arrows
Jewellery
 l - an uncursed amulet of faith {unknown}
Scrolls
 g - a scroll of recharging {unknown}
 j - a scroll of identify {unknown}
Potions
 d - a potion of heal wounds {unknown}
 e - a potion of ambrosia {unknown}
 f - a potion of agility {unknown}
 k - a potion of magic {unknown}
Books
 b - a book of Changes

   Spells                             Type                      Level
   a - Beastly Appendage              Transmutation                1
   b - Sticks to Snakes               Transmutation                2
   c - Spider Form                    Transmutation/Poison         3
   d - Ice Form                       Ice/Transmutation            4
   e - Blade Hands                    Transmutation                5
Comestibles
 c - 2 bread rations
 h - 2 meat rations


   Skills:
 - Level 1.1 Fighting
 - Level 1.7 Dodging
 - Level 3.0 Unarmed Combat
 - Level 2.0 Spellcasting
 + Level 3.3 Transmutations


You had 4 spell levels left.
You knew the following spells:

 Your Spells              Type           Power        Failure   Level  Hunger
a - Beastly Appendage     Tmut           ##....       6%          1    ##.....


Dungeon Overview and Level Annotations

Branches:
Dungeon (2/15)

Altars:

Annotations:
D:2 Sigmund


Innate Abilities, Weirdness & Mutations

Your plain brown scales are hard. (AC +4)
You cannot fit into any form of body armour.
You are cold-blooded and may be slowed by cold attacks.


Message History

The adder poisons you!
You closely miss the adder.
You feel sick. The adder closely misses you.
You miss the adder. The adder barely misses you.
You miss the adder. Your headbutt misses the adder.
The adder closely misses you. The adder barely misses you.
You closely miss the adder. The adder barely misses you.
You closely miss the adder.
Your tail-slap misses the adder.
You feel sick. The adder closely misses you.
You hit the adder.
The adder is lightly wounded.
The adder bites you.
* * * LOW HITPOINT WARNING * * *
You closely miss the adder.
The adder is lightly wounded.
Your horns disappear.
The adder completely misses you.
You hit the adder.
Your tail-slap misses the adder.
The adder is moderately wounded.
The adder misses you. The adder bites you.
You die...

#.# ######.########. #.#
#............... #.#
#.#.........###. #.#
#.#...#.###.# #.
#.#####.#...#..##.# #.
#.......#...#...#.###.
#########.......#...†)
#####...#...####..
#@......#.#.#.)...
......S.####.##......#..
........# #. ####...##.
......$.# #...##.
....[...# #...##.
.#....... ##..##.
######.. #..# . #.. ....


You could see an adder.

Vanquished Creatures
  2 leopard geckos (D:1)
  5 bats (D:1)
  A hobgoblin (D:1)
  3 frilled lizards
  3 goblins
  5 kobolds
  4 rats (D:1)
23 creatures vanquished.

Notes
Turn   | Place    | Note
-------+----------+-------------------------------------------
     0 | D:1      | polve the Draconian Transmuter began the quest for the Orb.
     0 | D:1      | Reached XP level 1. HP: 16/16 MP: 3/3
   633 | D:1      | Reached XP level 2. HP: 23/23 MP: 5/5
  1212 | D:2      | Noticed Sigmund
  1362 | D:2      | Slain by an adder

Skill      XL: |  1  2 |
---------------+-------+-----
Transmutations | 3 |  3.3
Fighting       | |  1.1
Dodging        | |  1.7
Unarmed Combat | |  3.0
Spellcasting   | |  2.0

Action                   || total
-------------------------++-------
Melee: Unarmed           ||    99
       Tailslap          ||     8
       Headbutt          ||     2
       Kick              ||     3
       Punch             ||     1
 Cast: Beastly Appendage ||    12
  Eat: Chunk             ||     1
Armor: Skin              ||    29
Dodge: Dodged            ||    71
